Map: Invader LE

Players

capac - Winner!

  • Race: Terran Terran
  • League: Gold

ShadowM

  • Race: Protoss Protoss
  • League: Silver

VOD

Have the link to the VOD?

Description

Time

  • Played on: April 26, 2016, 3:30 p.m.
  • Length: 21:17
Show
View Real Time Build Order
Export as new Build Order

capac Terran - Winner!

Build Orders: Reaper Expand 

Get SALT Encoding   

  12  0:01  SCV  
  13  0:13  SCV  
  14  0:18  Supply Depot  
  14  0:25  SCV  
  15  0:40  SCV  
  15  0:41  Barracks  
  16  0:45  Refinery  
  16  0:54  SCV  
  17  1:06  SCV  
  18  1:18  SCV  
  19  1:30  Reaper  
  20  1:35  Orbital Command  
  20  1:52  Command Center  
  20  2:01  Supply Depot  
  20  2:02  Marine  
  20  2:05  SCV  
  22  2:19  SCV  
  23  2:23  Barracks Reactor  
  23  2:31  Factory  
  23  2:38  SCV  
  23  2:39  Barracks  
  24  2:50  SCV  
  25  3:02  SCV  
  26  3:05  Marine  
  26  3:06  Marine  
  26  3:12  Orbital Command  
  28  3:16  Factory Tech Lab  
  28  3:32  SCV  
  29  3:36  Barracks Tech Lab  
  29  3:40  Barracks  
  29  3:43  Marine  
  29  3:44  Marine, SCV  
  32  3:50  SCV  
  32  3:51  Refinery  
  32  3:53  Siege Tank  
  36  3:56  SCV  
  36  4:01  Marine x2  
  39  4:05  SCV  
  39  4:08  SCV  
  41  4:15  Marine  
  42  4:19  SCV  
  43  4:25  Refinery, Marine x2  
  45  4:36  Marine, Barracks Reactor  
  46  4:43  Supply Depot  
  46  4:46  SCV x2  
  46  4:49  Marine  
  46  4:50  Marine  
  50  4:53  Marine  
  50  4:59  SCV x2  
  53  5:00  Starport  
  53  5:09  Marine x2, Command Center  
  53  5:11  Marine, SCV x2  
  58  5:18  Engineering Bay  
  58  5:21  Engineering Bay  
  58  5:23  SCV x2  
  60  5:30  Refinery  
  60  5:31  Marine x2  
  62  5:37  Supply Depot  
  62  5:40  Supply Depot, Starport Reactor  
  62  5:58  Marine x3, Siege Tank, SCV x2  
  70  6:05  Supply Depot  
  70  6:08  Supply Depot  
  70  6:10  Marine, SCV x2  
  70  6:11  Marine  
  74  6:16  Marine  
  71  6:29  Missile Turret  
  66  6:43  SCV x2  
  68  6:55  SCV x2  
  68  6:57  Terran Infantry Weapons Level 1  
  68  6:58  Terran Infantry Armor Level 1  
  68  7:00  Medivac x2  
  74  7:01  Orbital Command  
  74  7:07  Marine x2  
  74  7:08  Marine x2  
  78  7:20  Missile Turret  
  78  7:25  Missile Turret  
  78  7:35  Medivac x2  
  82  7:42  Starport  
  82  7:43  SCV x3  
  85  8:09  Marine x5  
  90  8:20  Supply Depot  
  90  8:25  Barracks  
  90  8:26  Marine  
  91  8:29  Starport Tech Lab  
  91  8:30  Barracks  
  91  8:32  Liberator x3  
  91  8:43  Missile Turret  
  91  8:46  Marine x5  
  103  9:03  Stimpack  
  103  9:04  Marine  
  100  9:14  Liberator  
  100  9:20  Liberator  
  100  9:21  Liberator  
  95  9:27  Marine x3  
  95  9:28  Marauder, Marine  
  95  9:31  Barracks Tech Lab x2, Orbital Command  
  102  9:39  Siege Tank  
  108  9:53  Marauder, Missile Turret  
  108  9:54  Marauder x2, Marine x3  
  108  9:59  Supply Depot  
  117  10:17  Marine, SCV x2  
  119  10:27  Liberator  
  107  10:39  Marauder x3  
  107  10:40  Marine x4  
  117  10:43  Medivac x2  
  124  10:54  Barracks  
  124  10:58  Marine  
  124  11:00  Marauder  
  96  11:36  Marine  
  96  11:37  Marine x6  
  92  11:54  Marine x2  
  86  12:05  Liberator x3  
  86  12:07  Marine  
  82  12:09  Marine  
  82  12:10  Marine x3  
  82  12:12  Marine x2  
  97  12:25  Marine  
  97  12:27  Marine  
  97  12:28  Marine  
  102  12:30  Marine x2  
  104  12:39  Command Center  
  104  12:43  Marine  
  105  12:45  Marine  
  105  12:47  Marauder x3, Liberator  
  105  12:49  Marine x2  
  112  13:01  Marine, SCV x2  
  118  13:18  SCV  
  118  13:19  Marauder x3  
  125  13:24  Marine x2  
  125  13:25  Marine x2  
  129  13:34  Liberator x3  
  138  14:05  Marauder x3  
  138  14:08  Marine x4  
  148  14:21  Missile Turret  
  148  14:25  Barracks Reactor  
  148  14:34  Supply Depot, Armory  
  148  14:36  Orbital Command  
  148  14:37  Supply Depot  
  148  14:56  Marauder  
  150  15:19  Marine x5  
  150  15:20  Marauder  
  150  15:21  Marauder x2  
  161  15:22  Marine  
  161  15:25  Terran Infantry Weapons Level 2, Terran Infantry Armor Level 2  
  161  15:27  Terran Ship Weapons Level 1  
  162  15:38  Marine  
  162  15:39  Marine x2  
  162  15:41  Combat Shields  
  165  15:43  Concussive Shells  
  165  15:47  Supply Depot  
  165  15:52  Command Center  
  165  16:00  Supply Depot  
  165  16:04  Supply Depot  
  165  16:06  Refinery  
  165  16:07  Refinery  
  165  16:08  Marine x2  
  165  16:09  Marauder x3  
  173  16:16  Supply Depot  
  173  16:17  Supply Depot  
  173  16:26  Marine x2  
  173  16:27  Marine x2  
  173  16:30  Marauder x3  
  183  16:39  Marine  
  184  17:20  SCV x2, Missile Turret  
  186  17:30  Sensor Tower  
  186  18:12  Marauder x2  
  192  18:13  Marauder  
  174  18:34  Marauder x3  
  129  19:06  Marine x2  
  129  19:07  Marine x7  
  130  19:24  Marine x7  
  126  19:25  Marine x2  
  135  19:42  Marine x9  
  140  20:26  Marine x9  
  145  20:43  Marine  
  145  20:44  Marine x8  
Show
View Real Time Build Order
Export as new Build Order

ShadowM Protoss 

Build Orders:  

Get SALT Encoding   

  12  0:01  Probe (Chrono Boost)  
  13  0:12  Probe (Chrono Boost)  
  14  0:19  Pylon  
  14  0:22  Probe (Chrono Boost)  
  15  0:39  Gateway  
  15  0:41  Probe (Chrono Boost)  
  16  0:51  Probe (Chrono Boost)  
  16  0:56  Assimilator  
  17  1:02  Probe (Chrono Boost)  
  18  1:08  Pylon  
  18  1:12  Probe (Chrono Boost)  
  19  1:21  Assimilator  
  19  1:33  Cybernetics Core  
  19  1:34  Probe (Chrono Boost)  
  19  1:39  Assimilator  
  20  1:44  Probe (Chrono Boost)  
  21  1:55  Probe (Chrono Boost)  
  22  2:06  Probe (Chrono Boost)  
  23  2:10  Nexus  
  23  2:16  Probe (Chrono Boost)  
  25  2:24  Stalker (Chrono Boost)  
  25  2:28  Warp Gate (Chrono Boost)  
  25  2:30  Probe  
  26  2:42  Probe  
  26  2:56  Mothership Core  
  28  3:19  Robotics Facility  
  28  3:24  Probe  
  28  3:25  Probe  
  30  3:35  Probe  
  30  3:37  Twilight Council  
  30  3:38  Probe  
  32  3:45  Probe, Pylon  
  33  3:48  Gateway  
  33  3:49  Gateway  
  33  3:50  Probe  
  34  3:59  Probe  
  34  4:02  Probe  
  36  4:09  Probe  
  36  4:10  Warp Prism  
  36  4:14  Probe  
  36  4:15  Resonating Glaives (Chrono Boost)  
  40  4:20  Probe  
  41  4:26  Probe  
  41  4:31  Probe  
  42  4:32  Gateway  
  43  4:41  Probe  
  43  4:44  Adept  
  46  5:03  Forge  
  46  5:07  Adept  
  46  5:08  Adept  
  46  5:09  Adept  
  46  5:12  Pylon  
  52  5:15  Pylon  
  52  5:29  Adept  
  52  5:32  Immortal  
  58  5:41  Pylon  
  58  5:42  Probe  
  58  5:46  Probe  
  58  5:47  Pylon  
  58  5:48  Protoss Ground Weapons Level 1  
  60  5:50  Pylon  
  60  5:52  Probe  
  60  5:53  Assimilator  
  60  5:55  Photon Cannon  
  60  5:56  Assimilator  
  61  5:58  Probe  
  61  6:01  Photon Cannon  
  61  6:03  Probe  
  62  6:10  Probe  
  62  6:52  Adept  
  62  6:53  Adept x3  
  70  6:56  Immortal  
  74  7:02  Probe  
  74  7:07  Probe  
  76  7:13  Probe  
  76  7:14  Robotics Bay  
  77  7:19  Probe  
  78  7:23  Probe  
  78  7:25  Charge (Chrono Boost)  
  79  7:30  Forge  
  79  7:31  Probe  
  79  7:35  Immortal (Chrono Boost)  
  84  7:49  Adept x3  
  84  7:50  Adept  
  92  7:59  Gateway  
  92  8:05  Gateway  
  92  8:14  Observer (Chrono Boost)  
  92  8:18  Protoss Ground Armor Level 1  
  93  8:23  Extended Thermal Lance  
  93  8:30  Robotics Facility  
  93  8:33  Observer (Chrono Boost)  
  94  8:57  Blink  
  94  8:58  Pylon  
  94  9:00  Pylon  
  94  9:03  Pylon  
  94  9:16  Colossus (Chrono Boost)  
  95  9:18  Zealot  
  95  9:19  Zealot  
  95  9:20  Zealot x2  
  103  9:52  Nexus  
  103  9:56  Pylon  
  103  9:58  Pylon  
  103  10:01  Pylon  
  103  10:03  Colossus (Chrono Boost), Pylon  
  115  10:07  Colossus (Chrono Boost)  
  115  10:11  Stalker  
  117  10:15  Stalker x2  
  117  10:16  Stalker x3  
  105  10:50  Colossus (Chrono Boost)  
  111  11:00  Stalker x3  
  111  11:01  Colossus (Chrono Boost), Stalker x2  
  111  11:02  Stalker  
  59  12:21  Stalker x3  
  59  12:22  Stalker x3  
  71  12:31  Probe  
  72  12:40  Photon Cannon  
  72  12:41  Probe  
  72  12:42  Photon Cannon  
  73  12:44  Photon Cannon  
  73  12:46  Photon Cannon  
  73  12:51  Photon Cannon  
  73  12:52  Probe, Gateway  
  73  12:55  Gateway  
  73  12:57  Gateway  
  74  13:00  Stargate  
  74  13:02  Stargate, Probe  
  74  13:04  Assimilator  
  75  13:06  Assimilator  
  75  13:07  Immortal (Chrono Boost)  
  75  13:12  Immortal (Chrono Boost), Protoss Air Weapons Level 1  
  83  13:13  Probe  
  83  13:15  Protoss Ground Weapons Level 2  
  84  13:23  Probe  
  85  13:34  Probe  
  90  13:41  Immortal (Chrono Boost)  
  90  13:45  Probe  
  95  13:51  Immortal (Chrono Boost)  
  95  13:57  Fleet Beacon  
  95  13:59  Probe, Mothership Core  
  98  14:13  Stalker x3  
  98  14:14  Stalker x3  
  98  14:15  Stalker  
  112  14:22  Immortal (Chrono Boost)  
  116  14:33  Probe  
  117  14:46  Tempest (Chrono Boost)  
  117  14:47  Tempest (Chrono Boost)  
  125  15:17  Templar Archives  
  125  15:20  Probe  
  126  15:26  Nexus  
  126  15:28  Pylon  
  126  15:33  Probe  
  126  15:34  Tempest (Chrono Boost)  
  131  15:38  Tempest (Chrono Boost)  
  131  15:42  Immortal  
  139  16:13  Immortal  
  139  16:18  Tempest (Chrono Boost)  
  147  16:22  Oracle (Chrono Boost)  
  150  16:36  Probe  
  151  16:47  Probe, High Templar x2  
  151  16:48  High Templar  
  158  16:59  Assimilator  
  158  17:01  Assimilator  
  166  17:37  Tempest x2 (Chrono Boost)  
  166  17:44  Probe  
  167  18:18  High Templar  
  167  18:19  High Templar x3  
  175  18:20  High Templar x2  
  145  18:31  Archon  
  84  18:47  Zealot x3  
  78  19:02  Adept  
  70  19:03  Adept x3  
  70  19:04  Adept  
  70  19:05  Adept  
  80  19:12  Immortal  
  64  19:17  Immortal  
  67  19:32  Zealot  
  67  19:33  Zealot x3  
  67  19:34  Zealot x3  
  80  19:46  Immortal  
  84  19:56  Immortal  
  83  20:05  Adept x3  
  83  20:06  Adept x3  
  83  20:07  Adept  
  81  20:20  Immortal  
  68  20:29  Nexus  
  68  20:35  Stalker x3  
  70  20:36  Immortal, Stalker x3  
  70  20:37  Stalker  
Tags
 
Add a new tag
Caveats
  • Supply blocks, unpowered buildings, or Contaminate may cause inaccurate times.
  • Supply counts are checked every 10 seconds.